 Dungeon Crawl Stone Soup version 0.28.0-53-g5a82cb258f (webtiles) character file.

Game seed: 2109956413881157206

6 acdeimund the Conjurer (level 1, 0/10 HPs)
             Began as a Deep Elf Conjurer on July 14, 2022.
             Was a Follower of Nemelex Xobeh.
             Slain by a rat (1 damage)
             ... on level 1 of the Dungeon.
             The game lasted 00:01:15 (86 turns).

acdeimund the Conjurer (Deep Elf Conjurer)            Turns: 86, Time: 00:01:16

Health: 0/10       AC:  2    Str:  4    XL:     1   Next: 75%
Magic:  1/6        EV: 12    Int: 22    God:    Nemelex Xobeh [*.....]
Gold:   11         SH:  0    Dex: 13    Spells: 5/6 levels left

rFire   . . .      SeeInvis .   (no weapon)
rCold   . . .      Faith    .   (no shield)
rNeg    . . .      Spirit   .   a - +0 robe
rPois   .          Reflect  .   (no helmet)
rElec   .          Harm     .   (no cloak)
rCorr   .          Rampage  .   (no gloves)
Will    .....                   (no boots)
Stlth   ++........              (no amulet)
HPRegen 0.03/turn               (no ring)
MPRegen 0.10/turn               (no ring)

@: no status effects
A: no striking features
a: Renounce Religion, Draw Escape, Draw Destruction, Draw Summoning


You were on level 1 of the Dungeon.
You worshipped Nemelex Xobeh.
Nemelex Xobeh was aware of your devotion.
You visited 1 branch of the dungeon, and saw 1 of its levels.

You collected 11 gold pieces.

Inventory:

Armour
 a - a +0 robe (worn)


   Skills:
 + Level 0.1 Fighting
 + Level 2.5 Dodging
 + Level 2.5 Stealth
 * Level 3.1 Spellcasting
 * Level 4.5 Conjurations


You had 5 spell levels left.
You knew the following spells:

 Your Spells              Type           Power      Damage    Failure   Level
a - Magic Dart            Conj           92%        1d7       1%          1

Your spell library contained the following spells:

 Spells                   Type           Power      Damage    Failure   Level
 Searing Ray              Conj           46%        2d6       3%          2
 Dazzling Flash           Conj/Hex       26%        N/A       14%         3
 Fulminant Prism          Conj/Hex       6%         3d7       43%         4
 Iskenderun's Mystic Bla  Conj/Tloc      13%        2d5       43%         4


Dungeon Overview and Level Annotations

Branches:
Dungeon (1/15)

Altars:
Nemelex Xobeh


Message History

Aim: a hobgoblin (lightly wounded, 100% to hit)
The magic dart hits the hobgoblin.
The hobgoblin is heavily wounded.
The bat barely misses you. The bat hits you but does no damage.
A kobold comes into view. It is wielding a +0 whip.
Aiming: Magic Dart (safe; 1% risk of failure)
Press: ? - help, Q - select action, (/) - cycle Shift-Dir - straight line, f/p - hobgoblin
Aim: a hobgoblin (heavily wounded, 100% to hit)
The magic dart hits the hobgoblin.
You kill the hobgoblin!
The kobold shouts!
The bat hits you but does no damage.
Aiming: Magic Dart (safe; 1% risk of failure)
Press: ? - help, Q - select action, (/) - cycle Shift-Dir - straight line, f - kobold
Aim: a kobold, wielding a +0 dagger (100% to hit)
The magic dart hits the kobold but does no damage.
The bat hits you but does no damage.
Unknown command.
You don't have enough magic to cast this spell.
You don't have enough magic to cast this spell.
You don't have enough magic to cast this spell.
You hit the bat but do no damage.
The bat is severely wounded.
The bat closely misses you. The rat completely misses you.
The kobold closely misses you. The bat closely misses you.
The bat barely misses you.
The rat bites the fungus.
The fungus begins to die.
The bat hits you.
* * * LOW HITPOINT WARNING * * *
A frilled lizard comes into view.
The bat closely misses you.
Found a scroll labelled IKHIRGH BIHEBRI.
The bat barely misses you.
The bat barely misses you. x2; The rat bites you.
* * * LOW HITPOINT WARNING * * *
You hit the rat.
The rat is moderately wounded.
The bat misses you. The bat hits you but does no damage. The rat bites you.
You die...
Your body disappears without a glow.

### #...................
... #.........P...PP....
[... #.#........P.PP.....
.... #.#..)...PP.........
..>..###.#.......P._†♣....!
#.#(#.#..........♣.K......
#.#.#.#.......SPlPP......
#.#.#........PrK........
#<#.#.......@b$........
#.#.#...............#.##
#.#.#.#............$.#.#
#.#.#.#.........>.....# #
..#.#.#.##.............#
....#### #....##......... #
##.####.......#. ..#
#.....l.# #### .....?.


You could see a bat, a ball python, 2 kobolds, 2 frilled lizards and a rat.

Vanquished Creatures
  2 bats (D:1)
  A hobgoblin (D:1)
  2 ball pythons (D:1)
  A frilled lizard (D:1)
6 creatures vanquished.

Notes
Turn   | Place    | Note
-------+----------+-------------------------------------------
     0 | D:1      | acdeimund the Deep Elf Conjurer began the quest for the
                  | Orb.
     0 | D:1      | Reached XP level 1. HP: 10/10 MP: 6/6
    63 | D:1      | Found a faded altar of an unknown god.
    71 | D:1      | Prayed at the altar of an unknown god.
    71 | D:1      | Became a worshipper of Nemelex Xobeh the Trickster
    71 | D:1      | Reached * piety under Nemelex Xobeh
    73 | D:1      | Received a gift from Nemelex Xobeh
    86 | D:1      | Slain by a rat

Illustrated notes

Levels and vault maps discovered:
D:1:      lightli_arrival_chessboard, layout_rooms,
          dreamdust_ecumenical_altar_grove

Action                   || total
-------------------------++-------
Melee: Unarmed           ||     3
 Cast: Magic Dart        ||    10
Armor: Robe              ||     8
Dodge: Dodged            ||    18
